Map: 勒瑞萊克山巔

Players

Rex

  • Race: Zerg Zerg
  • League: Grandmaster

Nice - Winner!

  • Race: Protoss Protoss
  • League: Grandmaster

Event: 2016 WCS Winter Challenger Taiwan

VOD

Have the link to the VOD?

Description

Time

  • Played on: Jan. 15, 2016, 8:04 a.m.
  • Length: 8:44

All games in this series

Show
View Real Time Build Order
Export as new Build Order

Rex Zerg 

Build Orders: Hatch First 

Get SALT Encoding   

  12  0:01  Drone  
  13  0:08  Drone  
  14  0:17  Overlord  
  14  0:23  Extractor  
  14  0:24  Drone  
  15  0:36  Drone x2  
  17  0:56  Hatchery  
  16  0:59  Drone  
  16  1:02  Drone  
  18  1:13  Drone  
  18  1:14  Extractor  
  18  1:23  Spawning Pool  
  17  1:26  Drone  
  18  1:33  Drone  
  19  1:40  Overlord  
  19  1:49  Drone  
  20  2:00  Drone  
  21  2:08  Drone  
  22  2:11  Queen x2  
  22  2:13  Zergling x2  
  27  2:17  Metabolic Boost  
  27  2:21  Drone  
  28  2:24  Drone  
  29  2:32  Drone  
  29  2:34  Drone  
  31  2:43  Drone  
  32  2:52  Overlord, Hatchery  
  31  3:00  Queen  
  31  3:01  Drone  
  31  3:02  Drone  
  35  3:06  Drone  
  35  3:12  Drone  
  37  3:17  Drone x2  
  39  3:23  Drone x2, Roach Warren  
  40  3:29  Drone x2  
  40  3:30  Drone  
  40  3:33  Overlord  
  43  3:35  Drone  
  43  3:39  Overlord  
  44  3:46  Overlord  
  44  3:53  Overlord  
  44  3:54  Drone, Extractor  
  44  3:55  Overlord x2  
  43  4:03  Overlord  
  43  4:04  Roach x2  
  43  4:06  Roach  
  43  4:08  Roach  
  51  4:10  Roach  
  51  4:14  Roach  
  57  4:17  Roach  
  57  4:19  Roach  
  57  4:22  Zergling x2  
  57  4:24  Zergling x2  
  61  4:37  Zergling x4  
  61  4:38  Zergling x10  
  68  4:45  Zergling x6  
  69  4:46  Zergling x2  
  69  4:48  Zergling x2  
  69  4:51  Zergling x2  
  74  4:54  Overlord  
  74  4:59  Ravager x2  
  76  5:00  Ravager  
  76  5:02  Zergling x4  
  79  5:08  Zergling x10  
  83  5:16  Zergling x2  
  74  5:29  Zergling x10  
  74  5:31  Lair  
  74  5:33  Drone x3  
  80  5:36  Drone  
  78  5:47  Drone  
  78  5:48  Drone  
  78  5:49  Drone  
  77  5:51  Drone  
  77  5:52  Drone  
  76  6:02  Drone x5  
  78  6:06  Drone  
  78  6:07  Drone  
  78  6:09  Drone  
  70  6:11  Drone  
  70  6:12  Drone  
  70  6:15  Drone  
  70  6:17  Drone, Extractor  
  70  6:18  Drone  
  67  6:19  Extractor  
  67  6:21  Drone  
  67  6:26  Overlord  
  67  6:29  Overlord  
  67  6:34  Extractor  
  67  6:35  Extractor  
  67  6:36  Drone  
  67  6:37  Spire, Zergling x18  
  74  6:50  Evolution Chamber  
  74  6:52  Overlord  
  74  6:54  Drone x2  
  75  7:03  Overlord  
  75  7:10  Drone x6  
  75  7:11  Overlord, Drone x3  
  75  7:14  Hydralisk Den  
  82  7:30  Hatchery  
  81  7:42  Spine Crawler x3  
  81  7:44  Spine Crawler  
  77  7:49  Hydralisk x5  
  77  7:50  Hydralisk x7  
  101  7:51  Zergling x2  
  101  7:53  Hydralisk  
  101  7:55  Hydralisk  
  106  8:03  Hydralisk  
  106  8:06  Mutalisk  
  97  8:18  Mutalisk  
  78  8:25  Zergling x2  
Show
View Real Time Build Order
Export as new Build Order

Nice Protoss - Winner!

Build Orders: Nexus First 

Get SALT Encoding   

  12  0:01  Probe (Chrono Boost)  
  13  0:12  Probe (Chrono Boost)  
  14  0:21  Pylon  
  14  0:22  Probe (Chrono Boost)  
  15  0:39  Probe (Chrono Boost)  
  17  0:50  Probe (Chrono Boost)  
  17  0:58  Nexus  
  17  1:01  Probe (Chrono Boost)  
  18  1:12  Probe (Chrono Boost)  
  18  1:16  Gateway  
  19  1:22  Probe (Chrono Boost)  
  19  1:24  Assimilator  
  20  1:28  Assimilator  
  20  1:33  Probe (Chrono Boost)  
  21  1:41  Gateway  
  21  1:45  Probe (Chrono Boost)  
  22  1:56  Probe (Chrono Boost)  
  22  1:59  Pylon  
  23  2:09  Cybernetics Core  
  23  2:10  Probe (Chrono Boost)  
  23  2:14  Probe (Chrono Boost)  
  25  2:20  Probe (Chrono Boost)  
  26  2:25  Probe (Chrono Boost)  
  27  2:31  Probe (Chrono Boost)  
  27  2:35  Probe (Chrono Boost)  
  29  2:41  Probe (Chrono Boost)  
  30  2:45  Adept  
  30  2:46  Probe (Chrono Boost), Warp Gate  
  30  2:48  Stalker  
  35  2:52  Probe (Chrono Boost)  
  35  2:55  Pylon  
  35  2:57  Probe (Chrono Boost)  
  37  3:04  Probe (Chrono Boost)  
  38  3:08  Mothership Core (Chrono Boost)  
  40  3:13  Robotics Facility  
  40  3:15  Probe (Chrono Boost)  
  41  3:25  Probe (Chrono Boost)  
  41  3:26  Probe (Chrono Boost)  
  42  3:36  Probe (Chrono Boost), Pylon  
  42  3:40  Gateway  
  44  3:41  Probe (Chrono Boost)  
  44  3:46  Probe (Chrono Boost), Pylon  
  45  3:52  Probe (Chrono Boost)  
  45  3:54  Pylon  
  46  3:57  Probe (Chrono Boost)  
  46  4:01  Robotics Bay  
  47  4:07  Warp Prism  
  47  4:09  Probe (Chrono Boost)  
  50  4:10  Assimilator  
  50  4:11  Assimilator  
  50  4:15  Forge  
  50  4:21  Probe (Chrono Boost), Gateway  
  50  4:22  Probe (Chrono Boost)  
  52  4:30  Gateway  
  52  4:31  Probe (Chrono Boost)  
  52  4:35  Pylon  
  53  4:49  Disruptor (Chrono Boost)  
  53  4:50  Gravitic Drive  
  53  4:51  Adept x3  
  62  4:57  Twilight Council  
  62  5:00  Protoss Ground Weapons Level 1  
  62  5:05  Pylon  
  62  5:15  Pylon  
  62  5:16  Pylon  
  62  5:23  Disruptor (Chrono Boost)  
  65  5:35  Stalker  
  65  5:36  Stalker x2  
  69  5:49  Adept  
  65  5:54  Disruptor (Chrono Boost)  
  62  5:57  Adept  
  59  6:08  Adept x2  
  61  6:13  Adept  
  61  6:17  Pylon  
  60  6:20  Pylon, Disruptor (Chrono Boost)  
  60  6:22  Blink (Chrono Boost)  
  60  6:24  Probe x2  
  65  6:34  Gateway  
  65  6:36  Probe, Gateway  
  65  6:38  Gateway  
  66  6:41  Sentry x2  
  70  6:52  Sentry  
  72  7:02  Nexus  
  72  7:06  Stalker x2  
  72  7:07  Stalker x2  
  80  7:15  Pylon  
  80  7:18  Pylon  
  80  7:21  Pylon  
  80  7:32  Stalker x2  
  80  7:33  Stalker x2  
  88  7:40  Stalker  
  88  7:47  Pylon  
  88  7:54  Sentry x2  
  88  7:55  Adept x2  
  88  7:58  Stalker x2  
  91  8:23  Stalker x4  
  91  8:24  Stalker x2  
Tags
 
Add a new tag
Caveats
  • Supply blocks, unpowered buildings, or Contaminate may cause inaccurate times.
  • Supply counts are checked every 10 seconds.